 Dungeon Crawl Stone Soup version 0.29-a0-919-gd064cfad1c (webtiles) character file.

Game seed: 5919267508900372207

158 enile the Sneak (level 5, -3/38 HPs)
             Began as a Vampire Enchanter on July 27, 2022.
             Was a Plaything of Xom.
             Slain by a hobgoblin
             ... wielding a +0 hammer
              (9 damage)
             ... on level 3 of the Dungeon.
             The game lasted 00:02:56 (2215 turns).

enile the Sneak (Vampire Enchanter)                 Turns: 2215, Time: 00:02:57

Health: -3/38      AC:  5    Str:  7    XL:     5   Next: 16%
Magic:  8/8        EV: 12    Int: 18    God:    Xom [..*...]
Gold:   146        SH:  0    Dex: 16    Spells: 3/8 levels left

rFire   . . .      SeeInvis +   j - +0 rapier
rCold   . . .      Faith    .   (no shield)
rNeg    . . .      Spirit   .   b - +0 robe
rPois   .          Reflect  .   (no helmet)
rElec   .          Harm     .   (no cloak)
rCorr   .          Rampage  .   g - +2 pair of gloves
Will    .....                   (no boots)
Stlth   +++.......              (no amulet)
HPRegen 0.32/turn               (no ring)
MPRegen 0.11/turn               (no ring)

@: attractive, healing quickly
A: alive, fangs 3, see invisible, vampiric 2
a: Exsanguinate, Renounce Religion


You were on level 3 of the Dungeon.
You worshipped Xom.
You were a toy of Xom.
You visited 1 branch of the dungeon, and saw 3 of its levels.

You collected 146 gold pieces.

Inventory:

Hand Weapons
 a - a +1 dagger
 j - a +0 rapier (weapon)
Missiles
 u - 5 boomerangs of dispersal (quivered)
Armour
 b - a +0 robe (worn)
 g - a +2 pair of gloves (worn)
Jewellery
 l - a ring of protection from cold
Wands
 q - a wand of flame (15)
Scrolls
 d - a scroll of magic mapping
 f - a scroll of teleportation
 h - a scroll of summoning
 k - a scroll of poison
 m - a scroll of blinking
 r - a scroll of silence {unknown}
 s - a scroll of vulnerability
 t - a scroll of amnesia
Potions
 c - 2 potions of invisibility
 e - 3 potions of flight {unknown}
 i - 2 potions of lignification {unknown}
 n - a potion of haste {unknown}
 o - a potion of ambrosia {unknown}
 p - a potion of degeneration {unknown}
 v - a potion of attraction
 w - a potion of magic
 x - a potion of resistance {unknown}
 z - 2 potions of heal wounds {unknown}


   Skills:
 - Level 2.0 Fighting
 + Level 4.6 Short Blades
 - Level 2.1 Dodging
 - Level 5.0 Stealth
 - Level 2.0 Spellcasting
 - Level 4.4 Hexes


You had 3 spell levels left.
You knew the following spells:

 Your Spells              Type           Power      Damage    Failure   Level
a - Ensorcelled Hibernat  Hex/Ice        18%        N/A       11%         2
b - Tukima's Dance        Hex            17%        N/A       9%          3

Your spell library contained the following spells:

 Spells                   Type           Power      Damage    Failure   Level
 Slow                     Hex            68%        N/A       3%          1
 Confusing Touch          Hex            17%        N/A       9%          3
 Dazzling Flash           Conj/Hex       18%        N/A       22%         3
 Gell's Gravitas          Tloc           1%         N/A       47%         3
 Lesser Beckoning         Tloc           1%         N/A       47%         3
 Teleport Other           Tloc           1%         N/A       47%         3
 Vampiric Draining        Necr           1%         2d6       47%         3


Dungeon Overview and Level Annotations

Branches:
Dungeon (3/15)

Altars:
Xom


Innate Abilities, Weirdness & Mutations

Your natural rate of healing is accelerated.
You have razor-sharp teeth.
You have supernaturally acute eyesight. (SInv)
You are afflicted with vampirism and can become a bat while bloodless.


Message History

The hobgoblin hits you with a +0 hammer.
You closely miss the hobgoblin.
The jackal bites you but does no damage.
The hobgoblin hits you with a +0 hammer!
There are monsters nearby!
There are monsters nearby!
You hit the hobgoblin but do no damage. The jackal barely misses you.
The hobgoblin closely misses you.
The jackal bites you but does no damage.
You barely miss the hobgoblin. Your bite misses the hobgoblin.
The jackal barely misses you.
The hobgoblin hits you with a +0 hammer.
You hit the hobgoblin.
The hobgoblin is heavily wounded.
The jackal misses you.
The hobgoblin hits you with a +0 hammer.
* * * LOW HITPOINT WARNING * * *
The jackal bites you.
* * * LOW HITPOINT WARNING * * *
Okay, then.
It was a potion of attraction.
You feel attractive to monsters.
The jackal bites you but does no damage.
The hobgoblin hits you with a +0 hammer.
* * * LOW HITPOINT WARNING * * *
Aiming: Throw Flame
Press: ? - help, Shift-Dir - straight line That beam is likely to hit you.
Continue anyway?
Okay, then.
Aiming: Throw Flame
Press: ? - help, Shift-Dir - straight line, f - hobgoblin
Aim: a hobgoblin, wielding a +0 hammer (heavily wounded, 68% to hit)
That beam is likely to hit you.
Continue anyway?
Okay, then.
Aiming: Throw Flame
Press: ? - help, Shift-Dir - straight line, f/p - hobgoblin
Aim: a hobgoblin, wielding a +0 hammer (heavily wounded, 68% to hit)
The puff of flame misses the hobgoblin.
The jackal barely misses you.
The hobgoblin hits you with a +0 hammer!
You die...

#### ######.. #...
... #####.###.#
#.......#.#
#.......#.##
#...†......# #
#g@.....#..# .
#..h......#..#####.
#.#.#########........
..................##
#. #...........###.#
.. #.#...#.##### # .
#..#.##.# # #..#.##.#
#.##..#.##.#


You could see a jackal and a hobgoblin.

Vanquished Creatures
  A jelly (D:3)
  An iguana (D:2)
  4 adders
  A worm (D:2)
  2 dart slugs (D:2)
  9 bats
  3 endoplasms
  2 giant cockroaches
  4 goblins
  3 hobgoblins
  11 jackals
  A quokka (D:2)
  6 ball pythons
  2 frilled lizards (D:3)
  7 kobolds
  4 rats
61 creatures vanquished.

Notes
Turn   | Place    | Note
-------+----------+-------------------------------------------
     0 | D:1      | enile the Vampire Enchanter began the quest for the Orb.
     0 | D:1      | Reached XP level 1. HP: 13/13 MP: 3/3
   121 | D:1      | Reached XP level 2. HP: 15/19 MP: 5/5
   125 | D:1      | Learned a level 2 spell: Ensorcelled Hibernation
   723 | D:1      | Reached skill level 1 in Fighting
   723 | D:1      | Gained mutation: You are afflicted with vampirism and can
                  | become a bat while bloodless. [Vampire growth]
   723 | D:1      | Reached XP level 3. HP: 23/26 MP: 6/6
  1134 | D:2      | Learned a level 3 spell: Tukima's Dance
  1223 | D:2      | Reached skill level 5 in Stealth
  1223 | D:2      | Reached XP level 4. HP: 24/33 MP: 2/7
  1876 | D:3      | Found a faded altar of an unknown god.
  1882 | D:3      | Reached XP level 5. HP: 33/38 MP: 8/8
  1884 | D:3      | Prayed at the altar of an unknown god.
  1884 | D:3      | Became a worshipper of Xom the Capricious
  2215 | D:3      | Slain by a hobgoblin

Illustrated notes

Levels and vault maps discovered:
D:1:      dpeg_arrival_radiant, layout_basic
D:2:      layout_loops_ring, hangedman_abyss_or_decor_stabs
D:3:      layout_loops_ring, ebering_ecumenical_altar_box, minmay_statues_item,
          grunt_ministairs_2, minmay_crystal_room, uniq_crazy_yiuf_cottage

Skill      XL: |  1  2  3  4 |
---------------+-------------+-----
Short Blades   | 2 3 4 |  4.6
Fighting       | 1 2 |  2.0
Stealth        | 5 |  5.0
Dodging        | |  2.1
Spellcasting   | |  2.0
Hexes          | |  4.4

Action                   |  1- 3 |  4- 6 || total
-------------------------+-------+-------++-------
Melee: Dagger            |    47 |       ||    47
       Rapier            |    55 |    61 ||   116
       Bite              |     8 |     5 ||    13
 Cast: Ensorcelled Hiber |     4 |       ||     4
Evoke: Wand              |       |     1 ||     1
  Use: Scroll            |     4 |     4 ||     8
       Potion            |       |     1 ||     1
 Stab: Sleeping          |     8 |     5 ||    13
Armor: Robe              |    43 |    20 ||    63
Dodge: Dodged            |    72 |    47 ||   119

Table legend: (Time is in decaauts)
 A = Elapsed time spent in this place.
 B = Non-inter-level travel time spent in this place.
 C = Inter-level travel time spent in this place.
 D = Time resting spent in this place.
 E = Time spent auto-exploring this place.
 F = Levels seen in this place.
 G = Mean time per level.
                   A        B        C        D        E       F      G
               +--------+--------+--------+--------+--------+-----+--------+
         Total |   2211 |   2098 |    113 |      0 |   1659 |   3 |  737.0 |
       Dungeon |   2211 |   2098 |    113 |      0 |   1659 |   3 |  737.0 |
               +--------+--------+--------+--------+--------+-----+--------+

Top non-repeatable levels by time:
     D:2: 817 daAuts
     D:1: 755 daAuts
     D:3: 639 daAuts
